 Dungeon Crawl Stone Soup version 0.18.1-48-g4cf74bf (console) character file.

85208 Kloppie the Warrior (level 15, 0/145 HPs)
             Began as a Minotaur Abyssal Knight on July 9, 2016.
             Was the Champion of Lugonu.
             Succumbed to cutebanana's ghost's poison
             ... on level 7 of the Lair of Beasts on July 13, 2016.
             The game lasted 01:01:46 (35071 turns).

Kloppie the Warrior (Minotaur Abyssal Knight)      Turns: 35071, Time: 01:01:47

Health: 0/145      AC: 24    Str: 17    XL:     15   Next: 37%
Magic:  19/21      EV: 10    Int: 11    God:    Lugonu [******]
Gold:   1358       SH: 13    Dex: 16    Spells: 0 memorised, 14 levels left

rFire  + . .     SeeInvis .     a - +0 morningstar
rCold  + . .     Gourm    .     D - +0 plate armour
rNeg   + . .     Faith    .     f - +0 shield
rPois  +         Spirit   +     L - +1 hat
rElec  +         Dismiss  .     A - +0 cloak
rCorr  +         Reflect  .     y - +0 pair of gloves
SustAt .         Harm     .     M - +0 pair of boots
MR     +....                    C - amulet of guardian spirit
Stlth  ..........               r - +2 ring of protection
                                i - ring of positive energy

@: lethally poisoned (0 -> 0), resistant, somewhat resistant to hostile
enchantments, extremely unstealthy
A: retaliatory headbutt, horns 2, blurry vision 1, clever 1
a: Depart the Abyss, Bend Space, Banish, Corrupt, Enter the Abyss, Brand Weapon
With Distortion, Renounce Religion


You were on level 7 of the Lair of Beasts.
You worshipped Lugonu.
Lugonu was exalted by your worship.
You were not hungry.

You visited 3 branches of the dungeon, and saw 23 of its levels.
You visited the Abyss 1 time.
You also visited: Labyrinth and Sewer.

You collected 1969 gold pieces.
You spent 611 gold pieces at shops.

Inventory:

Hand Weapons
 a - a +0 morningstar (weapon)
 b - a +1 flail of protection
 v - a +0 flail of draining
Armour
 d - the +1 leather armour of Freedom {rF+ rC+ SInv}
   (You found it on level 6 of the Lair of Beasts)

   It protects you from fire.
   It protects you from cold.
   It lets you see invisible.
 f - a +0 shield (worn)
 y - a +0 pair of gloves (worn)
 A - a +0 cloak (worn)
 D - a +0 plate armour (worn)
 L - a +1 hat (worn)
 M - a +0 pair of boots (worn)
Jewellery
 i - a ring of positive energy (left hand)
 o - an uncursed ring of protection from magic
 r - a +2 ring of protection (right hand)
 s - an uncursed ring of protection from magic
 C - an amulet of guardian spirit (around neck)
 H - an uncursed ring of flight
Wands
 w - a wand of disintegration (5/24)
 x - a wand of disintegration (15/24)
 G - a wand of acid (8/15)
 I - a wand of teleportation (2/9)
 O - a wand of digging (10/24)
Scrolls
 e - 5 scrolls of teleportation
 h - 2 scrolls of enchant armour
 j - 2 scrolls of enchant weapon
 l - 3 scrolls of magic mapping
 p - 4 scrolls of remove curse
 q - 4 scrolls of silence
 u - 3 scrolls of recharging
 F - 3 scrolls of fog
 P - 3 scrolls of blinking
 Q - 2 scrolls of identify
Potions
 m - 9 potions of flight
 z - a potion of cancellation
 K - a potion of cure mutation
Comestibles
 c - 14 bread rations
 g - 4 meat rations
 k - 2 chunks of flesh
 t - 10 slices of pizza
 J - 4 beef jerkies


   Skills:
 - Level 16.5 Fighting
 + Level 14.8 Maces & Flails
 - Level 13.7 Armour
 - Level 8.6 Dodging
 + Level 13.3 Shields
 - Level 9.9 Invocations


You had 14 spell levels left.
You didn't know any spells.

Dungeon Overview and Level Annotations

Branches:
Dungeon (13/15)            Temple (0/1) D:7            Lair (8/8) D:9
  Swamp (0/4) Lair:5        Snake (0/4) Lair:5        Slime (0/6) Lair:6
    Orc (2/2) D:9             Elf (0/3) Orc:2
 Vaults: D:13-14

Altars:
Ashenzari
Dithmenos
Elyvilon
Fedhas
Gozag
Kikubaaqudgha
Makhleb
Nemelex Xobeh
Okawaru
Sif Muna
Trog
Vehumet
Xom
Yredelemnul
Beogh
Jiyva

Shops:
Orc:1 !   Orc:2 }%%?

Annotations:
D:5 2 runed doors
D:10 exclusion: obsidian statue
Lair:8 cutebanana's ghost, journeyman MiBe


Innate Abilities, Weirdness & Mutations

You reflexively headbutt those who attack you in melee.
You have a pair of horns on your head.
Scrolls take you a little longer to read.
Your mind is acute. (Int +2)


Message History

There is a lethal amount of poison in your body!
* * * LOW HITPOINT WARNING * * *
You feel sick.
* * * LOW HITPOINT WARNING * * *
You feel sick.
* * * LOW HITPOINT WARNING * * *
You feel sick.
* * * LOW HITPOINT WARNING * * *
You feel sick.
* * * LOW HITPOINT WARNING * * *
You feel sick.
* * * LOW HITPOINT WARNING * * *
You feel sick.
* * * LOW HITPOINT WARNING * * *
You feel sick.
* * * LOW HITPOINT WARNING * * *
You feel sick.
* * * LOW HITPOINT WARNING * * *
You feel sick.
You die...

P..P...######..P..###.##........>
..........#..........###.........
..........#...........##.........
.........+............P#.........
........................+........
.................................
...........P.................<...
.....................#.#.........
.........###....@.....##.....÷...
..#......##...#...P..###..≈.>..≈≈
###.#...########....####≈≈≈≈÷.≈≈≈
###...# #....# #≈.≈≈≈≈≈≈≈≈
###...## #...## ##≈≈≈≈≈≈≈≈≈
#.#...# ####...###.≈≈≈≈≈≈≈≈≈
##...## #.#..P..#...≈≈≈≈≈≈≈.
#..P### ##....PP..P....≈≈≈≈≈.
#...#.# #.....P.P..P.........


There were no monsters in sight!

Vanquished Creatures
  Rupert (D:13)
  Frances (D:12)
  Gastronok (D:9)
  An orc warlord (Orc:1)
  The ghost of tesudzi the Severer, a journeyman DDFi of Makhleb (Lair:2)
  A minotaur (Lab)
  The ghost of GordonOverkill the Severer, a journeyman HOWn of Trog (D:11)
  Josephine (Lair:6)
  4 hydras
  2 catoblepae
  Erica (D:10)
  2 ogre magi
  Erolcha (D:8)
  A centaur warrior (D:13)
  5 death yaks (Lair:7)
  4 hill giants
  2 deep trolls
  An orc knight (Orc:1)
  5 ugly things
  A griffon (Lair:2)
  An oklob plant (Lair:4)
  2 cyclopes (Orc:2)
  11 elephants
  10 black mambas
  12 spiny frogs
  4 gargoyles (Lab)
  6 komodo dragons
  7 rime drakes
  3 kobold demonologists (D:13)
  A polar bear (Lair:4)
  A queen bee (Lair:2)
  12 trolls
  15 blink frogs
  6 two-headed ogres
  A minotaur skeleton (Lab)
  A boulder beetle (Lair:7)
  9 slime creatures
  A spriggan (D:10)
  2 shadows (Lab)
  3 wyverns
  3 wraiths (Lair:6)
  57 yaks
  A yak (shapeshifter) (D:13)
  3 basilisks
  5 hippogriffs
  3 hungry ghosts
  3 mottled dragons
  A mottled dragon (shapeshifter) (D:13)
  A warg (Orc:1)
  A soldier ant (D:13)
  13 water moccasins
  20 orc warriors
  9 porcupines
  A black bear (D:8)
  5 necrophages
  3 ice beasts
  5 sky beasts
  A wasp (D:11)
  25 ogres
  20 wolves
  An eye of draining (D:11)
  16 crocodiles
  9 centaurs
  8 big kobolds
  19 giant frogs
  A wyvern zombie (D:12)
  A wyvern skeleton (D:8)
  A water moccasin skeleton (D:8)
  26 killer bees
  3 scorpions
  16 wights
  12 howler monkeys
  4 electric eels
  A crimson imp (D:5)
  3 jellies
  8 centaur zombies
  3 quasits
  8 hounds
  17 orc priests
  3 centaur skeletons
  7 iguanas
  2 giant frog skeletons
  19 orc wizards
  11 worker ants
  7 hell rats (Lair:7)
  26 sheep
  3 hound zombies
  A worker ant zombie (D:8)
  16 gnolls
  13 adders
  40 river rats
  2 shadow imps (D:10)
  An ooze (D:6)
  4 adder zombies
  2 dart slugs
  2 worms
  8 giant geckos
  84 orcs
  6 ball pythons
  9 giant cockroaches
  9 goblins
  9 hobgoblins
  19 jackals
  8 quokkas
  5 bats
  A giant gecko skeleton (D:8)
  A giant gecko zombie (D:5)
  4 giant newts
  50 kobolds
  13 rats
  A bush (D:6)
868 creatures vanquished.

Vanquished Creatures (others)
  A worker ant zombie (D:9)
  8 fungi
  17 plants
26 creatures vanquished.

Grand Total: 894 creatures vanquished

Notes
Turn   | Place    | Note
--------------------------------------------------------------
     0 | Abyss:1  | Kloppie the Minotaur Abyssal Knight began the quest for the Orb.
     0 | Abyss:1  | Reached XP level 1. HP: 19/19 MP: 1/1
     0 | D:1      | Escaped the Abyss
   149 | D:1      | HP: 1/20 [dart slug/slug dart (6)]
   515 | D:1      | Reached XP level 2. HP: 27/27 MP: 2/2
   677 | D:1      | Reached * piety under Lugonu
   743 | D:1      | Reached skill level 4 in Fighting
  1285 | D:1      | Reached XP level 3. HP: 32/33 MP: 3/3
  1520 | D:2      | Found a bloodstained altar of Trog.
  1550 | D:2      | Reached XP level 4. HP: 41/41 MP: 4/4
  1584 | D:2      | Found a sparkling altar of Nemelex Xobeh.
  1823 | D:2      | Reached ** piety under Lugonu
  1998 | D:2      | Found an iron altar of Okawaru.
  2205 | D:3      | Found a shattered altar of Ashenzari.
  2740 | D:3      | Reached XP level 5. HP: 42/47 MP: 5/5
  2976 | D:3      | Reached *** piety under Lugonu
  2976 | D:3      | Reached skill level 5 in Fighting
  3327 | D:4      | Noticed an ogre
  3336 | D:4      | Killed an ogre
  3336 | D:4      | Reached skill level 5 in Armour
  3336 | D:4      | Reached XP level 6. HP: 33/56 MP: 6/6
  3346 | D:4      | Reached skill level 5 in Maces & Flails
  3814 | D:4      | Found an ancient bone altar of Kikubaaqudgha.
  3908 | D:5      | Entered Level 5 of the Dungeon
  3935 | D:5      | Noticed an ice beast
  3952 | D:5      | Killed an ice beast
  3952 | D:5      | Reached skill level 6 in Fighting
  3952 | D:5      | Reached XP level 7. HP: 50/63 MP: 7/7
  4060 | D:5      | Found a runed door.
  4601 | D:5      | Reached skill level 7 in Fighting
  4931 | D:5      | Reached XP level 8. HP: 72/74 MP: 8/8
  4962 | D:5      | Reached skill level 8 in Fighting
  4965 | D:5      | Reached **** piety under Lugonu
  5347 | D:5      | Found a runed door.
  5380 | D:6      | Found a shadowy altar of Dithmenos.
  5380 | D:6      | Found a glowing drain.
  5413 | Sewer    | Entered a sewer
  5536 | Sewer    | Found a white marble altar of Elyvilon.
  5926 | D:6      | Reached skill level 9 in Fighting
  6180 | D:6      | Found a blossoming altar of Fedhas.
  6281 | D:6      | Reached XP level 9. HP: 60/85 MP: 6/9
  6537 | D:6      | Reached skill level 10 in Fighting
  6537 | D:6      | Reached skill level 10 in Maces & Flails
  6574 | D:6      | Identified a scroll of acquirement
  6599 | D:7      | Reached ***** piety under Lugonu
  6692 | D:7      | Found a blossoming altar of Fedhas.
  6923 | D:7      | Found a staircase to the Ecumenical Temple.
  6985 | D:7      | Found a white marble altar of Elyvilon.
  7073 | D:7      | Found a shimmering altar of Xom.
  7407 | D:8      | Noticed Erolcha
  7410 | D:8      | Paralysed by Erolcha for 5 turns
  7424 | D:8      | Paralysed by Erolcha for 3 turns
  7437 | D:8      | Killed Erolcha
  7437 | D:8      | Reached XP level 10. HP: 51/94 MP: 6/10
  7902 | D:8      | Found a basalt altar of Yredelemnul.
  8370 | D:9      | Noticed Gastronok
  8396 | D:9      | Killed Gastronok
  8396 | D:9      | Reached skill level 5 in Invocations
  8445 | D:9      | Reached ****** piety under Lugonu
  8704 | D:9      | Found a staircase to the Lair.
  8762 | D:9      | Found a deep blue altar of Sif Muna.
  8766 | D:9      | Found a shimmering altar of Xom.
  8773 | D:9      | Found an opulent altar of Gozag.
  8863 | D:9      | Found a radiant altar of Vehumet.
  8867 | D:9      | Found a burning altar of Makhleb.
  8937 | D:9      | Got a pitted fire dragon armour
  8948 | D:9      | Identified the +1 fire dragon armour of Peqatec {rF++ rC- Slay+2} (You took it off an orc on level 9 of the Dungeon)
  8961 | D:9      | Found a roughly hewn altar of Beogh.
  8970 | D:9      | Found a staircase to the Orcish Mines.
  9293 | Lair:1   | Entered Level 1 of the Lair of Beasts
  9303 | Lair:1   | Noticed a spiny frog
  9339 | D:9      | Killed a spiny frog
  9346 | D:9      | Reached XP level 11. HP: 46/101 MP: 9/14
 10355 | Lair:1   | Reached skill level 11 in Fighting
 11620 | Lair:2   | Noticed tesudzi's ghost (journeyman DDFi)
 11722 | Lair:2   | Killed tesudzi's ghost
 11722 | Lair:2   | Reached skill level 12 in Fighting
 12039 | Lair:2   | Reached skill level 10 in Armour
 12584 | Lair:2   | Noticed a griffon
 12597 | Lair:2   | Killed a griffon
 12784 | Lair:3   | Reached XP level 12. HP: 73/113 MP: 9/16
 13101 | Lair:3   | Noticed a four-headed hydra
 13127 | Lair:3   | Killed a four-headed hydra
 13127 | Lair:3   | Reached skill level 13 in Fighting
 13992 | Lair:4   | Noticed an eight-headed hydra
 14009 | Lair:4   | Killed an eight-headed hydra
 14369 | Lair:4   | Noticed a catoblepas
 14398 | Lair:4   | Killed a catoblepas
 15168 | Lair:4   | Reached skill level 14 in Fighting
 15542 | Lair:5   | Found a staircase to the Swamp.
 15786 | Lair:5   | Found a staircase to the Snake Pit.
 17089 | Lair:5   | Reached skill level 15 in Fighting
 17089 | Lair:5   | Reached XP level 13. HP: 80/126 MP: 13/19
 17819 | Lair:6   | Got a smoking leather armour
 17830 | Lair:6   | Identified the +1 leather armour of Freedom {rF+ rC+ SInv} (You found it on level 6 of the Lair of Beasts)
 18113 | Lair:6   | Found a staircase to the Slime Pits.
 18113 | Lair:6   | Found a viscous altar of Jiyva.
 18833 | Lair:6   | Noticed Josephine
 18874 | Lair:6   | Killed Josephine
 19422 | Lair:6   | Reached skill level 5 in Dodging
 20271 | Lair:7   | HP: 6/126 [poisoned by a black mamba]
 20277 | Lair:7   | HP: 3/126 [poisoned by a black mamba]
 20283 | Lair:7   | HP: 2/126 [poisoned by a black mamba]
 20289 | Lair:7   | HP: 2/126 [poisoned by a black mamba]
 20297 | Lair:7   | HP: 2/126 [poisoned by a black mamba]
 20990 | Lair:7   | Got a sheer robe
 21043 | Lair:7   | Identified the +2 robe of Resourcefulness {rC+ MR- Dex+6} (You found it on level 7 of the Lair of Beasts)
 22535 | D:10     | Entered Level 10 of the Dungeon
 22916 | D:10     | Noticed Erica
 22976 | D:10     | Killed Erica
 23313 | D:10     | Reached skill level 1 in Shields
 23778 | D:11     | Noticed GordonOverkill's ghost (journeyman HOWn)
 23800 | D:11     | Killed GordonOverkill's ghost
 24093 | D:11     | Paralysed by a wasp for 2 turns
 24314 | D:11     | Reached XP level 14. HP: 134/135 MP: 20/20
 24860 | D:12     | Found a bloodstained altar of Trog.
 25167 | D:12     | Noticed Frances
 25209 | D:12     | Killed Frances
 25209 | D:12     | Reached skill level 5 in Shields
 26050 | Orc:1    | Entered Level 1 of the Orcish Mines
 26135 | Orc:1    | Found Ymiricua's Distillery.
 26167 | Orc:1    | Bought a potion of beneficial mutation for 560 gold pieces
 26167 | Orc:1    | Gained mutation: Your mind is acute. (Int +2) [potion of beneficial mutation]
 26213 | Orc:1    | Noticed an orc warlord
 26304 | D:9      | Banished an orc warlord
 26935 | Orc:1    | Found a deep blue altar of Sif Muna.
 27133 | Orc:2    | Entered Level 2 of the Orcish Mines
 27154 | Orc:2    | Found a roughly hewn altar of Beogh.
 27170 | Orc:2    | Found Kungabe's Magic Scroll Shop.
 28797 | Orc:2    | Reached skill level 10 in Shields
 28968 | Orc:2    | Noticed an orc warlord
 29021 | Orc:1    | Killed an orc warlord
 29304 | Orc:2    | Found a staircase to the Elven Halls.
 29375 | Orc:2    | Found Emicset's Food Boutique.
 29379 | Orc:2    | Found Munum's Food Emporium.
 29381 | Orc:2    | Bought a scroll of noise for 17 gold pieces
 29381 | Orc:2    | Bought a scroll of identify for 34 gold pieces
 29394 | Orc:2    | Found Rozxubeidgh's Gadget Shop.
 30220 | D:13     | Found a labyrinth entrance.
 30229 | Lab      | Entered a labyrinth
 30988 | D:13     | Noticed Rupert
 31066 | D:12     | HP: 6/136 [burnt (3)]
 31138 | D:12     | Reached skill level 16 in Fighting
 32778 | D:13     | Killed Rupert
 32778 | D:13     | Reached XP level 15. HP: 122/145 MP: 19/21
 33142 | D:13     | Gained mutation: Scrolls take you a little longer to read. [a neqoxec]
 34580 | Lair:8   | Entered Level 8 of the Lair of Beasts
 34662 | Lair:8   | Noticed cutebanana's ghost (journeyman MiBe)
 35056 | Lair:7   | HP: 6/145 [poisoned by cutebanana's ghost]
 35061 | Lair:7   | HP: 3/145 [poisoned by cutebanana's ghost]
 35066 | Lair:7   | HP: 2/145 [poisoned by cutebanana's ghost]
 35071 | Lair:7   | Succumbed to cutebanana's ghost's poison

Skill      XL: |  1  2  3  4  5  6  7  8  9 10 11 12 13 14 15 |
---------------+----------------------------------------------+-----
Armour         | 3 4 5 8 11 13 | 13.7
Fighting       | 4 5 6 7 9 10 12 15 16 | 16.5
Maces & Flails | 3 4 5 7 9 11 13 14 | 14.8
Invocations    | 6 7 9 |  9.9
Dodging        | 8 |  8.6
Shields        | 4 12 13 | 13.3

Action                   |  1- 3 |  4- 6 |  7- 9 | 10-12 | 13-15 || total
-------------------------+-------+-------+-------+-------+-------++-------
Melee: Mace              |    56 |   183 |   107 |       |       ||   346
       Headbutt          |     6 |    28 |   105 |   202 |   599 ||   940
       Flail             |       |       |   405 |  1013 |  1912 ||  3330
       Morningstar       |       |       |       |       |   332 ||   332
Invok: Depart the Abyss  |     1 |       |       |       |       ||     1
       Bend Space        |       |       |       |       |     3 ||     3
       Banish            |       |       |       |       |     2 ||     2
Evoke: Wand              |       |     6 |     1 |     1 |     4 ||    12
  Use: Scroll            |       |    11 |     8 |    10 |    11 ||    40
       Potion            |       |       |     1 |    13 |    11 ||    25
 Stab: Sleeping          |       |       |       |       |     1 ||     1
  Eat: Chunk             |     2 |     8 |    13 |    23 |    37 ||    83
       Royal jelly       |       |       |       |     4 |     5 ||     9
       Meat ration       |       |       |       |       |     3 ||     3
       Pizza             |       |       |       |       |     1 ||     1
Armor: Leather armour    |     6 |       |       |       |   114 ||   120
       Chain mail        |    31 |   122 |       |       |       ||   153
       Ring mail         |       |     9 |   175 |       |       ||   184
       Plate armour      |       |       |    80 |   109 |   886 ||  1075
       Fire dragon armou |       |       |       |   490 |    27 ||   517
Dodge: Dodged            |    32 |    76 |   230 |   407 |   840 ||  1585
Block: Shield            |       |       |       |       |   513 ||   513
